 Dungeon Sprint DCSS version 0.28-a0-863-g8cecda6153 (webtiles) character file.

Game seed: 6705563318487199272

59941 Turgor the Slayer (level 14, -26/166 HPs)
             Began as a Minotaur Berserker on Nov 19, 2021.
             Was the Champion of Trog.
             Killed from afar by an ironbound frostheart (39 damage)
             ... by creeping frost
             ... in the Dungeon (Sprint IX: "|||||||||||||||||||||||||||||").
             The game lasted 00:35:31 (4488 turns).

Turgor the Slayer (Minotaur Berserker)              Turns: 4488, Time: 00:35:32

Health: -26/166    AC: 18    Str: 26    XL:     14   Next: 55%
Magic:  10/10      EV: 14    Int:  7    God:    Trog [******]
Gold:   1656       SH:  0    Dex: 11    Spells: 13/13 levels left

rFire   + . .      SeeInvis .   E - +3 bardiche of the Kidney {vorpal, rCorr}
rCold   . . .      Faith    .   (shield currently unavailable)
rNeg    . . .      Spirit   .   v - +2 plate armour {rF+}
rPois   +          Reflect  .   (helmet restricted)
rElec   .          Harm     .   u - +0 cloak {Stlth+}
rCorr   +          Rampage  .   a - +0 pair of gloves
Will    +....      NoTele   +   t - +0 pair of boots
Stlth   ..........              (no amulet)
HPRegen 0.37/turn               n - +3 ring of strength
MPRegen 0.12/turn               C - ring of poison resistance

@: frozen, corroded, on berserk cooldown, hasted, quick
A: horns 2, retaliatory headbutt, low mp 2
a: Renounce Religion, Berserk, Trog's Hand, Brothers in Arms


You were in the Dungeon.
You worshipped Trog.
Trog was exalted by your worship.
You visited 1 branch You collected 1917 gold pieces.
You spent 261 gold pieces at shops.

Inventory:

Hand Weapons
 k - a +3 vorpal bardiche
 l - a +8 glaive of flaming
 w - a +2 antimagic bardiche
 E - the +3 bardiche of the Kidney (weapon) {vorpal, rCorr}
   (Trog gifted it to you in the Dungeon)

   It inflicts extra damage upon your enemies.
   rCorr:     It protects you from acid and corrosion.
 G - a +2 dagger of distortion
Missiles
 b - 5 javelins (quivered)
 F - 4 curare-tipped darts
Armour
 a - a +0 pair of gloves (worn)
 m - the +1 plate armour "Ciunulae" {-Cast Regen+ Slay+2 Stlth+}
   (You found it in the Dungeon)

   Slay:      It affects your accuracy & damage with ranged weapons and melee
   (+2).
   -Cast:     It prevents spellcasting.
   Regen:     It increases your rate of health regeneration.
   Stlth:     It makes you more stealthy.
 t - a +0 pair of boots (worn)
 u - a +0 cloak of stealth (worn)
 v - a +2 plate armour of fire resistance (worn)
Jewellery
 n - a +3 ring of strength (left hand)
 C - a ring of poison resistance (right hand)
 D - a ring of willpower
Wands
 j - a wand of acid (10)
Scrolls
 h - a scroll of blinking
 p - 4 scrolls of enchant weapon
 q - 8 scrolls of enchant armour
 r - a scroll of identify
 s - a scroll of fog
 x - a scroll of immolation
 y - a scroll of silence
 A - a scroll of fear {unknown}
Potions
 c - 7 potions of curing
 d - 7 potions of heal wounds
 e - 3 potions of haste
 f - 4 potions of magic
 g - 2 potions of berserk rage
 i - a potion of invisibility
 o - a potion of resistance
 z - a potion of flight
 B - a potion of lignification {unknown}


   Skills:
 * Level 26.6 Fighting
 * Level 26.6 Polearms
 + Level 12.6 Throwing
 + Level 20.1 Armour
 + Level 18.6 Dodging


You had 13 spell levels left.
You didn't know any spells.
Your spell library was empty.

Dungeon Overview and Level Annotations

Branches:
Dungeon (1/1)

Altars:
Cheibriados
Dithmenos
Elyvilon
Fedhas
Gozag
Hepliaklqana
Kikubaaqudgha
Makhleb
Nemelex Xobeh
Okawaru
Qazlal
Ru
Sif Muna
Trog
Uskayaw
Vehumet
Wu Jian
Xom
Yredelemnul
Zin
The Shining One
Beogh
Jiyva
Lugonu

Shops:
D *([!


Innate Abilities, Weirdness & Mutations

You have a pair of horns on your head.
You reflexively headbutt those who attack you in melee.
Your magical capacity is very low. (-20% MP)


Message History

The yaktaur captain hits you but does no damage.
You slice the yaktaur captain like a ripe choko!!!
You kill the yaktaur captain!
Trog accepts your kill.
The ironbound frostheart calls freezing cold from the walls.
The frost grips you!!!
You are encased in ice.
The vault sentinel blows a loud note on a signal horn!
The vault warden blocks your attack.
Your headbutt misses the vault warden.
The vault warden hits you with a +0 war axe!
The ironbound convoker points at the entropy weaver and mumbles some strange words.
The entropy weaver seems to grow stronger.
A wizard comes into view. It is wielding a +0 dagger.
You carve the vault warden like a ham!!!
The vault warden is heavily wounded.
The vault warden activates a sealing rune.
The ironbound frostheart calls freezing cold from the walls.
The frost grips you!
The entropy weaver points at you and mumbles some strange words.
The entropic weave corrodes you!
You slash the vault warden!
The vault warden is severely wounded.
The vault warden hits you with a +0 war axe!!
Unknown command.
You feel yourself speed up.
You feel yourself speed up. The ice encasing you melts away.
The vault warden barely misses you.
The ironbound frostheart calls freezing cold from the walls.
The frost grips you!!
* * * LOW HITPOINT WARNING * * *
You are encased in ice.
The wizard gestures wildly while chanting.
The wizard flickers and vanishes!
Deactivating autopickup; reactivate with Ctrl-A.
The vault warden hits you with a +0 war axe!!
* * * LOW HITPOINT WARNING * * *
The ironbound frostheart calls freezing cold from the walls.
The frost grips you!!!
You die...

▓.▓.▓.▓.▓.▓.▓.▓.▓.
▓.▓.▓.▓.▓.▓.▓.▓.▓.
▓)▓.♣'♣.▓.▓.▓.▓.▓†
▓+▓.♣÷♣.▓.▓.▓)▓.▓.
▓)▓.♣÷♣.▓.▓.▓.▓.▓.
▓)▓.♣.♣.▓.▓.▓.▓.▓.
▓.▓.♣)♣.▓.▓)▓)▓.▓.
▓)▓.♣.♣.▓.▓.▓)▓.▓)
▓@▓.♣.♣.▓.▓.▓)▓.▓†
▓p▓.♣.♣.▓)▓.▓.▓.▓.
▓Y▓.♣.♣.▓)▓.▓.▓.▓.
▓p▓.♣)♣.▓)▓.▓.▓.▓.
▓B▓.▓)▓.▓)▓.▓.▓.▓†
▓p▓.▓)▓.▓)▓.▓∩▓.▓.
▓p▓.▓)▓.▓)▓.▓.▓.▓.
▓{▓.▓)▓.▓.▓.▓∩▓.▓.
▓.▓.▓.▓.▓.▓)▓.▓.


You could see a dire elephant (strong), a vault warden, an entropy weaver
(strong), an ironbound frostheart, a vault sentinel and an ironbound convoker.

Vanquished Creatures
  Saint Roka (D)
  A sphinx (D)
  3 frost giants (D)
  2 fire giants (D)
  A vault warden (D)
  A ghost moth (D)
  A very ugly thing (D)
  A vampire knight (D)
  Azrael (D)
  A bunyip (D)
  2 spark wasps (D)
  3 ettins (D)
  3 fire dragons (D)
  3 yaktaur captains (D)
  A great orb of eyes (D)
  2 centaur warriors (D)
  An ice dragon (D)
  5 ogre magi (D)
  Erolcha (D)
  2 hydras (D)
  A ghost crab (D)
  An anaconda (D)
  4 two-headed ogres (D)
  An alligator snapping turtle (D)
  An ironbound frostheart (D)
  A deep troll shaman (D)
  2 tengu warriors (D)
  A spriggan berserker (D)
  Nergalle (D)
  2 naga sharpshooters (D)
  Sonja (D)
  Urug (D)
  A spriggan (D)
  A glowing orange brain (D)
  2 sea snakes (D)
  A flayed ghost (D)
  An orb spider (D)
  A wizard (D)
  An ironbound convoker (D)
  An orc knight (D)
  A deep elf pyromancer (D)
  2 will-o-the-wisps (D)
  A wolf spider (D)
  2 manticores (D)
  An ugly thing (D)
  A merfolk siren (D)
  2 guardian serpents (D)
  6 cane toads (D)
  A vault sentinel (D)
  3 black mambas (D)
  A torpor snail (D)
  A rime drake (D)
  A demonic crawler (D)
  An efreet (D)
  A yaktaur (D)
  A merfolk (D)
  2 komodo dragons (D)
  2 jumping spiders (D)
  A tyrant leech (D)
  A hornet (D)
  3 blink frogs (D)
  2 slime creatures (D)
  A snapping turtle (D)
  A wyvern (D)
  A water elemental (D)
  A tarantella (D)
  2 fire elementals (D)
  A redback (D)
  A wraith (D)
  A yak (D)
  A vampire mosquito (D)
  A naga (D)
  A water moccasin (D)
  3 hell hounds (D)
  An ice beast (D)
  7 ogres (D)
  10 orc warriors (D)
  2 wolves (D)
  A bullfrog (D)
  A howler monkey (D)
  3 orc priests (D)
  7 orc wizards (D)
  12 orcs (D)
  A bat zombie (D)
  A giant cockroach (D)
  2 quokkas (D)
  A frilled lizard (D)
  A quokka zombie (D)
  A rat (D)
165 creatures vanquished.

Vanquished Creatures (collateral kills)
  A tengu reaver (D)
  A rakshasa (D)
  A hydra (D)
  A tengu warrior (D)
  A wizard (D)
  A cyclops (D)
  A cane toad (D)
  A rime drake (D)
  2 blink frogs (D)
  A golden eye (shapeshifter) (D)
  A vampire mosquito (D)
  A water moccasin (D)
  A bullfrog (D)
14 creatures vanquished.

Vanquished Creatures (others)
  A centaur warrior (D)
  A goliath frog (D)
  A swamp dragon (D)
  A wizard (D)
  A bloated husk (D)
  9 foxfires (D)
14 creatures vanquished.

Grand Total: 193 creatures vanquished

Notes
Turn   | Place    | Note
-------+----------+-------------------------------------------
     0 | D        | Turgor the Minotaur Berserker began the quest for the Orb.
     0 | D        | Reached XP level 1. HP: 19/19 MP: 0/0
     6 | D        | Banished a spatial maelstrom
     8 | D        | Banished a spatial maelstrom
     9 | D        | Reached ** piety under Trog
    51 | D        | Noticed an ogre
    51 | D        | Noticed an ice beast
    51 | D        | Noticed an ogre
    55 | D        | Reached *** piety under Trog
    56 | D        | Reached XP level 2. HP: 27/28 MP: 1/1
    60 | D        | Killed an ogre
    61 | D        | Reached skill level 5 in Armour
    61 | D        | Reached skill level 5 in Dodging
    61 | D        | Reached XP level 3. HP: 35/38 MP: 2/2
    61 | D        | Reached XP level 4. HP: 41/45 MP: 3/3
    63 | D        | Killed an ice beast
    64 | D        | Reached XP level 5. HP: 33/52 MP: 4/4
    65 | D        | Killed an ogre
    66 | D        | Reached XP level 6. HP: 40/62 MP: 5/5
    74 | D        | Found a snail-covered altar of Cheibriados.
    74 | D        | Found a shadowy altar of Dithmenos.
    74 | D        | Found a white marble altar of Elyvilon.
    74 | D        | Found a blossoming altar of Fedhas.
    74 | D        | Found an opulent altar of Gozag.
    75 | D        | Found a hazy altar of Hepliaklqana.
    76 | D        | Found a viscous altar of Jiyva.
    77 | D        | Found an ancient bone altar of Kikubaaqudgha.
    78 | D        | Found a corrupted altar of Lugonu.
    79 | D        | Found a burning altar of Makhleb.
    80 | D        | Found a sparkling altar of Nemelex Xobeh.
    81 | D        | Found an iron altar of Okawaru.
    82 | D        | Found a stormy altar of Qazlal.
    83 | D        | Found a sacrificial altar of Ru.
    84 | D        | Found a shimmering blue altar of Sif Muna.
    85 | D        | Found a bloodstained altar of Trog.
    86 | D        | Found a hide-covered altar of Uskayaw.
    87 | D        | Found a radiant altar of Vehumet.
    88 | D        | Found an ornate altar of the Wu Jian Council.
    89 | D        | Found a shimmering altar of Xom.
    90 | D        | Found a basalt altar of Yredelemnul.
    91 | D        | Found a glowing silver altar of Zin.
    92 | D        | Found a glowing golden altar of the Shining One.
   138 | D        | Noticed a yak
   138 | D        | Noticed a wraith
   138 | D        | Noticed a wyvern
   234 | D        | Killed a yak
   239 | D        | Killed a wraith
   239 | D        | Reached **** piety under Trog
   240 | D        | Reached skill level 10 in Fighting
   240 | D        | Reached skill level 10 in Polearms
   240 | D        | Reached XP level 7. HP: 73/73 MP: 6/6
   244 | D        | Killed a wyvern
   255 | D        | Noticed a six-headed hydra
   255 | D        | Noticed a cyclops
   255 | D        | Noticed a deep elf pyromancer
   255 | D        | Noticed a vampire mosquito
   255 | D        | Noticed a tengu warrior
   255 | D        | Noticed a centaur warrior
   259 | D        | Killed a seven-headed hydra
   260 | D        | Reached skill level 10 in Armour
   260 | D        | Reached XP level 8. HP: 17/85 MP: 7/7
   260 | D        | Killed a cyclops
   261 | D        | Reached skill level 10 in Dodging
   264 | D        | Killed a tengu warrior
   265 | D        | Reached XP level 9. HP: 15/96 MP: 8/8
   270 | D        | Killed a centaur warrior
   270 | D        | Reached ***** piety under Trog
   271 | D        | Reached skill level 15 in Fighting
   271 | D        | Reached skill level 15 in Polearms
   294 | D        | Killed a deep elf pyromancer
   641 | D        | Noticed a komodo dragon
   641 | D        | Noticed a cane toad
   641 | D        | Noticed a cane toad
   645 | D        | Killed a komodo dragon
   649 | D        | Noticed a five-headed hydra
   653 | D        | Killed a cane toad
   654 | D        | Reached XP level 10. HP: 107/107 MP: 9/9
   657 | D        | Killed a cane toad
   667 | D        | HP: 5/107 [ten-headed hydra (8)]
   668 | D        | Killed a ten-headed hydra
  1152 | D        | Noticed a cane toad
  1152 | D        | Noticed a torpor snail
  1157 | D        | Killed a cane toad
  1160 | D        | Noticed a cane toad
  1165 | D        | Received a gift from Trog
  1175 | D        | Killed a torpor snail
  1180 | D        | Killed a cane toad
  1445 | D        | Noticed a cane toad
  1445 | D        | Noticed a cane toad
  1445 | D        | Noticed a cane toad
  1460 | D        | Killed a cane toad
  1461 | D        | Reached XP level 11. HP: 76/119 MP: 10/10
  1534 | D        | Received a gift from Trog
  1656 | D        | Noticed Urug
  1716 | D        | Killed Urug
  1855 | D        | Noticed an orc knight
  1856 | D        | Received a gift from Trog
  1867 | D        | Killed an orc knight
  1874 | D        | Reached ****** piety under Trog
  1875 | D        | Received a gift from Trog
  1940 | D        | Reached skill level 1 in Throwing
  1953 | D        | Received a gift from Trog
  2015 | D        | Found Nuurep's Assorted Antiques.
  2015 | D        | Noticed a two-headed ogre
  2015 | D        | Noticed a two-headed ogre
  2015 | D        | Noticed an ogre mage
  2015 | D        | Noticed a two-headed ogre
  2020 | D        | Killed a two-headed ogre
  2020 | D        | Identified the +8 trident of Contradiction {vorpal, Stlth+}
                  | (Trog gifted it to you in the Dungeon)
  2020 | D        | Received a gift from Trog
  2021 | D        | Noticed an ogre mage
  2024 | D        | Killed a two-headed ogre
  2025 | D        | Reached skill level 15 in Armour
  2028 | D        | Killed an ogre mage
  2032 | D        | Killed a two-headed ogre
  2039 | D        | Killed an ogre mage
  2040 | D        | Found Cucoashi's Weapon Shoppe.
  2044 | D        | Found Masixaam's Antique Armour Emporium.
  2046 | D        | Noticed an ogre mage
  2047 | D        | Found Noatwoitz's Distillery.
  2048 | D        | Noticed an ogre mage
  2051 | D        | Noticed a two-headed ogre
  2054 | D        | Killed an ogre mage
  2054 | D        | Received a gift from Trog
  2057 | D        | Killed an ogre mage
  2058 | D        | Reached XP level 12. HP: 134/134 MP: 11/11
  2063 | D        | Killed a two-headed ogre
  2064 | D        | Reached skill level 5 in Throwing
  2086 | D        | Bought a glowing cloak for 120 gold pieces
  2097 | D        | Bought a scroll labelled XEAJIE GOAMIUF for 24 gold pieces
  2097 | D        | Bought a scroll labelled WOSKOD DYCK for 24 gold pieces
  2097 | D        | Bought an inky potion for 21 gold pieces
  2097 | D        | Bought a scroll labelled DIUCYD VOER for 24 gold pieces
  2099 | D        | Bought a scroll of identify for 48 gold pieces
  2216 | D        | Noticed Erolcha
  2221 | D        | Killed Erolcha
  2338 | D        | Got the +1 plate armour "Ciunulae" {-Cast Regen+ Slay+2
                  | Stlth+}
  2365 | D        | Noticed a centaur warrior
  2365 | D        | Noticed an ogre mage
  2365 | D        | Noticed a centaur warrior
  2371 | D        | Killed a centaur warrior
  2373 | D        | Noticed a fire giant
  2373 | D        | Killed an ogre mage
  2375 | D        | Noticed a deep troll shaman
  2376 | D        | Noticed a frost giant
  2379 | D        | Killed a centaur warrior
  2379 | D        | Identified the +7 halberd of Contention {flame, rF++ Dex-2}
                  | (Trog gifted it to you in the Dungeon)
  2379 | D        | Received a gift from Trog
  2387 | D        | Killed a fire giant
  2388 | D        | Reached skill level 15 in Dodging
  2388 | D        | Received a gift from Trog
  2391 | D        | Killed a deep troll shaman
  2398 | D        | Killed a frost giant
  2410 | D        | Noticed a rakshasa
  2410 | D        | Noticed a tengu reaver
  2412 | D        | Noticed a tengu warrior
  2417 | D        | Killed a tengu reaver
  2418 | D        | Killed a rakshasa
  2419 | D        | Killed a tengu warrior
  2687 | D        | Noticed Saint Roka
  2699 | D        | Killed Saint Roka
  2784 | D        | Noticed Nergalle
  2790 | D        | Killed Nergalle
  2790 | D        | Received a gift from Trog
  2791 | D        | Reached XP level 13. HP: 146/146 MP: 12/12
  2807 | D        | Noticed Azrael
  2814 | D        | Killed Azrael
  2910 | D        | Noticed a spark wasp
  2916 | D        | Received a gift from Trog
  2923 | D        | Killed a spark wasp
  2930 | D        | Killed a ghost moth
  2940 | D        | Received a gift from Trog
  3029 | D        | Received a gift from Trog
  3265 | D        | Noticed a bunyip
  3275 | D        | Killed a bunyip
  3280 | D        | Identified the +3 bardiche of the Kidney {vorpal, rCorr}
                  | (Trog gifted it to you in the Dungeon)
  3280 | D        | Received a gift from Trog
  3387 | D        | Reached skill level 10 in Throwing
  3475 | D        | Received a gift from Trog
  3495 | D        | Received a gift from Trog
  3744 | D        | Noticed Sonja
  3755 | D        | Killed Sonja
  3812 | D        | Gained mutation: Your magical capacity is low. (-10% MP)
                  | [mutagenic glow]
  3842 | D        | Gained mutation: Your magical capacity is very low. (-20%
                  | MP) [mutagenic glow]
  3957 | D        | Noticed an ettin
  3957 | D        | Noticed a frost giant
  3957 | D        | Noticed a spark wasp
  3970 | D        | Noticed a fire dragon
  3971 | D        | Killed an ettin
  3982 | D        | Killed a frost giant
  3983 | D        | Reached XP level 14. HP: 106/162 MP: 10/10
  3989 | D        | Received a gift from Trog
  3989 | D        | Noticed a vampire knight
  3991 | D        | Noticed a white very ugly thing
  4003 | D        | Killed a vampire knight
  4007 | D        | Killed a white very ugly thing
  4007 | D        | Identified the +5 halberd "Jioxavak" {vorpal, rPois} (Trog
                  | gifted it to you in the Dungeon)
  4007 | D        | Received a gift from Trog
  4329 | D        | Noticed a frost giant
  4331 | D        | Noticed a fire giant
  4340 | D        | Killed a frost giant
  4352 | D        | Killed a fire giant
  4352 | D        | Received a gift from Trog
  4449 | D        | Received a gift from Trog
  4452 | D        | Noticed a vault warden
  4467 | D        | Killed a vault warden
  4467 | D        | Received a gift from Trog
  4467 | D        | Noticed a sphinx
  4472 | D        | Noticed a vault warden
  4474 | D        | Killed a sphinx
  4474 | D        | Received a gift from Trog
  4488 | D        | Killed from afar by an ironbound frostheart

Illustrated notes

Levels and vault maps discovered:
D:        linesprint [early_d, line_temple, items_1, d_10, items_2, lair_1,
          lair_end, items_3, orc_1, orc_end, items_4, d_15, swamp_1, shoals_1,
          snake_1, spider_1, d_20, vaults_1, items_5, swamp_end, shoals_end,
          snake_end, spider_end, vaults_end, d_27, items_6, zot_1, zot_end,
          crypt_end, forest_end, elf_end, slime_end, tomb_end, abyss_end,
          pan_hell_end]

Skill      XL: |  1  2  3  4  5  6  7  8  9 10 11 12 13 14 |
---------------+-------------------------------------------+-----
Fighting       | 4 6 7 8 10 12 14 16 18 20 22 25 26 | 26.6
Polearms       | 4 6 7 8 10 12 14 16 18 20 22 25 26 | 26.6
Armour         | 3 5 7 8 10 11 12 14 15 17 18 20 | 20.1
Dodging        | 3 5 6 7 8 9 10 11 12 14 15 17 18 | 18.6
Throwing       | 4 8 11 12 | 12.6

Action                   |  1- 3 |  4- 6 |  7- 9 | 10-12 | 13-15 || total
-------------------------+-------+-------+-------+-------+-------++-------
Melee: Spear             |    16 |     5 |       |       |       ||    21
       Headbutt          |       |     4 |     2 |    47 |    49 ||   102
       Halberd           |       |     7 |    29 |    35 |       ||    71
       Glaive            |       |       |       |   148 |       ||   148
       Bardiche          |       |       |       |    35 |   231 ||   266
Invok: Berserk           |     1 |     1 |     2 |     7 |     9 ||    20
       Trog's Hand       |       |     1 |     3 |    10 |    10 ||    24
       Brothers in Arms  |       |       |     2 |     3 |     3 ||     8
  Use: Potion            |       |       |     1 |       |     1 ||     2
       Scroll            |       |       |       |     4 |       ||     4
Armor: Scale mail        |       |     1 |    21 |    11 |       ||    33
       Plate armour      |       |       |       |    22 |    77 ||    99
       Chain mail        |       |       |       |     8 |       ||     8
Dodge: Dodged            |     7 |     3 |    19 |    57 |    91 ||   177

Table legend: (Time is in decaauts)
 A = Elapsed time spent in this place.
 B = Non-inter-level travel time spent in this place.
 C = Inter-level travel time spent in this place.
 D = Time resting spent in this place.
 E = Time spent auto-exploring this place.
 F = Levels seen in this place.
 G = Mean time per level.
                   A        B        C        D        E       F      G
               +--------+--------+--------+--------+--------+-----+--------+
         Total |   4517 |   4517 |      0 |   2717 |      0 |   1 | 4517.0 |
       Dungeon |   4517 |   4517 |      0 |   2717 |      0 |   1 | 4517.0 |
               +--------+--------+--------+--------+--------+-----+--------+

Top non-repeatable levels by time:
       D: 4517 daAuts
